 Dungeon Crawl Stone Soup version 0.28.0 (webtiles) character file.

Game seed: 7662626938217337077

200 iguanaiguana the Covered (level 5, -2/47 HPs)
             Began as a Minotaur Fighter on Feb 13, 2022.
             Slain by an ogre (20 damage)
             ... on level 2 of the Dungeon.
             The game lasted 00:05:28 (3111 turns).

iguanaiguana the Covered (Minotaur Fighter)         Turns: 3111, Time: 00:05:28

Health: -2/47      AC: 12    Str: 23    XL:     5   Next: 49%
Magic:  4/4        EV:  6    Int:  5    God:
Gold:   112        SH:  4    Dex:  9    Spells: 4/4 levels left

rFire   . . .      SeeInvis .   d - +1 hand axe (vamp)
rCold   . . .      Faith    .   c - +0 buckler
rNeg    . . .      Spirit   .   m - +0 plate armour
rPois   .          Reflect  .   (helmet restricted)
rElec   .          Harm     .   (no cloak)
rCorr   .          Rampage  .   (no gloves)
Will    .....                   (no boots)
Stlth   ..........              (no amulet)
HPRegen 0.15/turn               (no ring)
MPRegen 0.09/turn               (no ring)

@: no status effects
A: horns 2, retaliatory headbutt
a: no special abilities


You were on level 2 of the Dungeon.
You visited 1 branch of the dungeon, and saw 3 of its levels.

You collected 112 gold pieces.

Inventory:

Hand Weapons
 a - a +0 war axe
 d - a +1 vampiric hand axe (weapon)
 t - the +4 quarterstaff of the Boar {pain, rF- rCorr Int+3}
   (You found it on level 3 of the Dungeon)

   In the hands of one skilled in necromantic magic, it inflicts extra damage on
   living creatures.
   Int:       It affects your intelligence (+3).
   rF:        It makes you vulnerable to fire.
   rCorr:     It protects you from acid and corrosion.
Missiles
 q - 34 sling bullets
 r - 40 stones (quivered)
Armour
 c - a +0 buckler (worn)
 g - the +1 ring mail of the Armadillo {rElec Dex+6}
   (You found it on level 3 of the Dungeon)

   Dex:       It affects your dexterity (+6).
   rElec:     It insulates you from electricity.
 m - a +0 plate armour (worn)
Scrolls
 b - 2 scrolls of immolation {unknown}
 e - a scroll of brand weapon {unknown}
 h - a scroll of amnesia {unknown}
 i - 3 scrolls of identify {unknown}
 j - 2 scrolls of magic mapping {unknown}
 k - a scroll of fog {unknown}
 l - 3 scrolls of torment {unknown}
 n - a scroll of vulnerability {unknown}
 s - a scroll of holy word {unknown}
Potions
 f - 2 potions of flight
 p - a potion of lignification {unknown}


   Skills:
 + Level 4.6 Fighting
 + Level 4.1 Axes
 * Level 5.3 Armour
 + Level 4.6 Shields


You had 4 spell levels left.
You didn't know any spells.
Your spell library contained the following spells:

 Spells                   Type           Power      Damage    Failure   Level
 Summon Forest            Summ/Tloc      0%         N/A       100%        5
 Eringya's Noxious Bog    Tmut/Pois      0%         N/A       100%        6
 Summon Hydra             Summ           0%         N/A       100%        7


Dungeon Overview and Level Annotations

Branches:
Dungeon (3/15)

Altars:
Uskayaw

Shops:
D:3 *

Annotations:
D:2 exclusion: downstairs


Innate Abilities, Weirdness & Mutations

You have a pair of horns on your head.
You reflexively headbutt those who attack you in melee.


Message History

There is an open door, spattered with blood here.
There is an open door, spattered with blood here.
There is an open door here.
There is an open gate here.
There is an open gate here.
You now have 112 gold pieces (gained 5).
An ogre is nearby!
Throw: 44 stones
Press: ? - help, Shift-Dir - straight line, f - ogre
Aim: an ogre, wielding a +0 giant club (wandering, hasn't noticed you, 72% to hit)
You throw a stone. The ogre shouts!
The stone hits the ogre but does no damage.
Throw: 43 stones
Press: ? - help, Shift-Dir - straight line, f/p - ogre
Aim: an ogre, wielding a +0 giant club (72% to hit)
You throw a stone. The stone barely misses the ogre.
Throw: 42 stones
Press: ? - help, Shift-Dir - straight line, f/p - ogre
Aim: an ogre, wielding a +0 giant club (72% to hit)
You throw a stone.
The stone hits the ogre but does no damage.
Throw: 41 stones
Press: ? - help, Shift-Dir - straight line, f/p - ogre
Aim: an ogre, wielding a +0 giant club (72% to hit)
You throw a stone. The stone barely misses the ogre.
You slash the ogre!
The ogre is moderately wounded.
The ogre hits you with a +0 giant club!
You hit the ogre.
The ogre is moderately wounded.
The ogre hits you with a +0 giant club!!
* * * LOW HITPOINT WARNING * * *
There is a large open door here.
There is an escape hatch in the ceiling here.
The ogre closely misses you. A mysterious force pulls you upwards.
The hatch slams shut behind you.
Level annotation: exclusion: downstairs The ogre hits you with a +0 giant club!!
You die...

.#...#.# #.....#...#.# .#.....#
#...#...#.#.# .#.....#
#...#.#####.#
.#.....###...#.......#
##...........#...#####
#####.......#...##.##########
###.......#.........[.....#
#.........##O###..........#
#..........<.@.#..........#
#.........#...............#
####.........#....#..........#
#...........##....#..........#
#.#####..#........#..........#
#.#...............#..........#
#.#.#.###...#######..........#
#.#.#....รท...................#
..#.######..#######..........#


You could see an ogre.

Vanquished Creatures
  2 scorpions (D:3)
  An adder (D:3)
  A worm (D:3)
  A dart slug (D:1)
  6 orcs (D:3)
  5 bats
  5 endoplasms
  3 goblins
  3 hobgoblins
  9 jackals
  4 kobolds
  A quokka (D:1)
  7 ball pythons
  2 frilled lizards (D:1)
  7 rats
57 creatures vanquished.

Notes
Turn   | Place    | Note
-------+----------+-------------------------------------------
     0 | D:1      | iguanaiguana the Minotaur Fighter began the quest for the
                  | Orb.
     0 | D:1      | Reached XP level 1. HP: 19/19 MP: 0/0
   141 | D:1      | Reached XP level 2. HP: 18/27 MP: 1/1
   785 | D:1      | Reached skill level 4 in Armour
   898 | D:1      | Found a faded altar of an unknown god.
   995 | D:2      | Reached XP level 3. HP: 33/33 MP: 2/2
  1698 | D:3      | Noticed an ogre
  1845 | D:3      | Found a hide-covered altar of Uskayaw.
  1906 | D:3      | Noticed a scorpion
  1914 | D:3      | Killed a scorpion
  1915 | D:3      | Reached XP level 4. HP: 34/41 MP: 3/3
  2097 | D:3      | Identified the +4 quarterstaff of the Boar {pain, rF- rCorr
                  | Int+3}
  2342 | D:3      | Noticed a scorpion
  2363 | D:3      | Killed a scorpion
  2364 | D:3      | Reached skill level 5 in Armour
  2364 | D:3      | Reached XP level 5. HP: 21/47 MP: 4/4
  2704 | D:3      | Found Pycvuic's Assorted Antiques.
  2776 | D:3      | Identified the +1 ring mail of the Armadillo {rElec Dex+6}
  3111 | D:2      | Slain by an ogre

Illustrated notes

Levels and vault maps discovered:
D:1:      enne_arrival_octagon_isle, layout_loops_ring,
          hellmonk_ecumenical_altar_leap_of_faith, grunt_decor_one_mirror
D:2:      layout_basic, uniq_crazy_yiuf_cottage
D:3:      layout_basic, lemuel_doored_altar, serial_shops,
          nicolae_shop_advertising_works [nicolae_subvault_shop_adworks],
          kennysheep_cross_room, minmay_door_square

Skill      XL: |  1  2  3  4 |
---------------+-------------+-----
Axes           | 3 4 |  4.1
Shields        | 4 |  4.6
Fighting       | 4 |  4.6
Armour         | 4 5 |  5.3

Action                   |  1- 3 |  4- 6 || total
-------------------------+-------+-------++-------
Melee: War axe           |    87 |    46 ||   133
       Headbutt          |     6 |    13 ||    19
       Hand axe          |       |     8 ||     8
Throw: Stone             |     1 |     4 ||     5
  Use: Potion            |       |     4 ||     4
Armor: Scale mail        |    44 |       ||    44
       Plate armour      |    11 |    24 ||    35
Dodge: Dodged            |    58 |    28 ||    86
Block: Buckler           |    16 |    11 ||    27
